 Dungeon Crawl Stone Soup version 0.31-a0-198-g2ad674f65e (webtiles) character file.

Game seed: 5555724016508977490

78 qw the Shooter (level 4, 0/25 HPs)
             Began as a Deep Elf Hunter on June 25, 2023.
             Slain by a gnoll
             ... wielding a +0 spear
             ... led by a gnoll bouda
              (9 damage)
             ... on level 3 of the Dungeon.
             The game lasted 00:00:33 (1532 turns).

qw the Shooter (Deep Elf Hunter)                    Turns: 1532, Time: 00:00:34

Health: 0/25       AC:  3    Str: 10      XL:     4   Next: 15%
Magic:  6/6        EV: 17    Int: 11 (14) God:
Gold:   100        SH:  0    Dex: 16 (18) Spells: 3/3 levels left

rFire   . . .        Y - +0 shortbow
rCold   . . .        (shield currently unavailable)
rNeg    . . .        c - +0 leather armour
rPois   .            (no helmet)
rElec   .            (no cloak)
rCorr   .            (no gloves)
SInv    .            (no boots)
Will    .....        (no amulet)
Stlth   ++           e - +5 ring of evasion
HPRegen 0.24/turn    (no ring)
MPRegen 0.10/turn

%: no passive effects
@: no status effects
A: no striking features
a: no special abilities


You were on level 3 of the Dungeon.
You visited 1 branch of the dungeon, and saw 3 of its levels.

You collected 100 gold pieces.


   Skills:
 - Level 1.5 Fighting
 + Level 7.6 Ranged Weapons
 - Level 2.4 Dodging
 - Level 1.2 Stealth


You had 3 spell levels left.
You didn't know any spells.
Your spell library was empty.

Inventory:

Hand Weapons
 Y - a +0 shortbow (weapon)
Armour
 c - a +0 leather armour (worn)
Jewellery
 e - a +5 ring of evasion (left hand)
Scrolls
 a - 3 scrolls of identify
Potions
 g - a potion of curing

Dungeon Overview and Level Annotations

Branches:
Dungeon (3/15)

Altars:
Gozag

Shops:
D:1 (


Message History

Found a potion of degeneration.
You feel a little less clever now.
You now have 100 gold pieces (gained 5).
Found a stone staircase leading down.
A gnoll comes into view. It is wielding a +0 whip.
The gnoll shouts!
You hear a shout! x2
A gnoll comes into view. It is wielding a +0 spear.
You shoot an arrow. The arrow barely misses the gnoll.
You shoot an arrow.
The arrow hits the gnoll but does no damage.
You shoot an arrow. The arrow closely misses the gnoll.
You shoot an arrow. The arrow completely misses the gnoll.
A gnoll comes into view. It is wielding a +0 halberd.
You shoot an arrow. The arrow hits the gnoll.
The gnoll is heavily wounded.
You shoot an arrow. The arrow hits the gnoll.
The gnoll is almost dead.
The gnoll hits you from afar with a +0 spear!
The gnoll completely misses you.
A gnoll comes into view. It is wielding a +0 halberd.
You shoot an arrow. The gnoll shouts!
The arrow hits the gnoll.
You kill the gnoll!
The gnoll hits you from afar with a +0 spear.
You feel your strength returning.
You shoot an arrow. The arrow closely misses the gnoll.
The arrow hits the gnoll.
The gnoll is moderately wounded.
The gnoll barely misses you.
A gnoll bouda comes into view. It is wielding a +0 club.
You shoot an arrow. The arrow closely misses the gnoll.
The arrow barely misses the gnoll.
The gnoll hits you from afar with a +0 spear.
The gnoll bouda barks out a call to the hunt!
The gnolls pick up the pace!
You shoot an arrow. The arrow barely misses the gnoll.
The arrow hits the gnoll.
The gnoll is almost dead.
The gnoll hits you from afar with a +0 spear!
You die...

....#####.# #.#
###.# #.# #.#
....# #.# #!#
##..# #.# #.#
##..# #.# #.#
#...#####.###.####
#................#
#......##.######.#
#.#######.# #@#
#.# #.# #)# .<#
#.# #g# ### #.#


#gg #.# #.> #.# #..# #..# #..g You could see a gnoll bouda and 3 gnolls.

Vanquished Creatures
  A gnoll (D:3)
  3 adders (D:2)
  4 ball pythons
  4 bats
  6 endoplasms
  3 giant cockroaches
  A goblin (D:1)
  3 hobgoblins (D:1)
  4 jackals (D:1)
  2 quokkas (D:1)
  4 frilled lizards
  2 kobolds
  A rat (D:2)
38 creatures vanquished.

Notes
Turn   | Place    | Note
-------+----------+-------------------------------------------
     0 | D:1      | qw the Deep Elf Hunter began the quest for the Orb.
     0 | D:1      | Reached XP level 1. HP: 12/12 MP: 3/3
     0 | D:1      | 0 ||| qw: Version: 0.3-a-21-g1b9f30f
     0 | D:1      | 0 ||| qw: Game counter: 4859
     0 | D:1      | 0 ||| qw: Melee chars always use a shield: true
     0 | D:1      | 0 ||| qw: God list: Okawaru
     0 | D:1      | 0 ||| qw: Allow faded altars: false
     0 | D:1      | 0 ||| qw: Do Orc after clearing Dungeon:15 true
     0 | D:1      | 0 ||| qw: Do second Lair branch before Depths: true
     0 | D:1      | 0 ||| qw: Lair rune preference: random
     0 | D:1      | 0 ||| qw: Goals: Normal
     0 | D:1      | 0 ||| PLANNING D:1-11
    21 | D:1      | Found Gowoitemm's Weapon Shop.
    97 | D:1      | Reached skill level 6 in Ranged Weapons
    97 | D:1      | Reached XP level 2. HP: 16/16 MP: 4/4
   366 | D:1      | Reached XP level 3. HP: 20/20 MP: 5/5
   534 | D:1      | 534 ||| UPGRADING to +5 ring of evasion.
   535 | D:1      | 535 ||| READING 4 scrolls labelled LEUCSE CI BOA.
   536 | D:1      | 536 ||| READING scroll labelled QAOSMUOSOEDD.
   537 | D:1      | 537 ||| DRINKING 2 emerald potions.
   538 | D:1      | 538 ||| DROPPING scroll of butterflies.
   539 | D:1      | 539 ||| DROPPING potion of degeneration.
   583 | D:2      | Found a faded altar of an unknown god.
   679 | D:2      | Reached skill level 7 in Ranged Weapons
  1267 | D:2      | Reached XP level 4. HP: 25/25 MP: 6/6
  1400 | D:2      | 1400 ||| READING scroll labelled COIFETH XYEP.
  1401 | D:2      | 1401 ||| READING 2 scrolls labelled ETHUOLI PUMUZ.
  1444 | D:2      | 1444 ||| DRINKING 3 black potions.
  1445 | D:2      | 1445 ||| READING 4 scrolls of identify.
  1445 | D:2      | 1445 ||| IDENTIFYING dark potion
  1446 | D:2      | 1446 ||| READING 3 scrolls of identify.
  1446 | D:2      | 1446 ||| IDENTIFYING green potion
  1447 | D:2      | 1447 ||| DROPPING scroll of torment.
  1448 | D:2      | 1448 ||| DROPPING potion of lignification.
  1449 | D:2      | 1449 ||| DROPPING 2 potions of brilliance.
  1492 | D:3      | Found an opulent altar of Gozag.
  1532 | D:3      | Slain by a gnoll

Levels and vault maps discovered:
D:1:      shiori_arrival_oz, layout_basic, serial_shops,
          nicolae_shop_bloodbath_and_beyond, minmay_misc_feat_hallway,
          minmay_splitting_lines, serial_park_tiny_pond,
          chequers_serial_rivers_micro_c, minmay_hexomino_u4
D:2:      layout_basic, dreamdust_ecumenical_altar_angels_and_demons
D:3:      layout_loops_ring, led_sif_pool, nicolae_overflow_crystal_walls,
          kennysheep_generic_room_14

Skill      XL: |  1  2  3 |
---------------+----------+-----
Ranged Weapons | 6 7 |  7.6
Fighting       | |  1.5
Dodging        | |  2.4
Stealth        | |  1.2

Action                     |  1- 3 |  4- 6 || total
---------------------------+-------+-------++-------
   Fire: Shortbow          |   100 |    10 ||   110
    Use: Scroll            |     2 |     4 ||     6
         Potion            |     1 |     1 ||     2
 Armour: Leather armour    |    12 |       ||    12
  Dodge: Dodged            |    20 |     2 ||    22

Table legend:
 A = Non-vault XP
 B = Vault XP
 C = Vault XP percentage of total XP
 D = Non-vault monster count
 E = Vault monster count
 F = Vault count percentage of total count
                 A         B        C        D         E       F
            +---------+---------+-------+---------+---------+-------
      Total |     104 |       8 |   7.1 |      33 |       5 |  13.2
            +---------+---------+-------+---------+---------+-------
        D:1 |      35 |       8 |  18.6 |      19 |       5 |  20.8
        D:2 |      55 |       0 |   0.0 |      13 |       0 |   0.0
        D:3 |      14 |       0 |   0.0 |       1 |       0 |   0.0
            +---------+---------+-------+---------+---------+-------
